 Dungeon Crawl Stone Soup version 0.30-b1-2-g02819fbbbe (webtiles) character file.

Game seed: 2189027183579521023

742 HoaS the Skirmisher (level 7, -27/40 HPs)
             Began as a Gargoyle Hunter on May 20, 2023.
             Annihilated by a two-headed ogre
             ... wielding a +0 giant spiked club
              (31 damage)
             ... on level 5 of the Dungeon.
             The game lasted 00:06:51 (3187 turns).

HoaS the Skirmisher (Gargoyle Hunter)               Turns: 3187, Time: 00:06:51

Health: -27/40     AC: 10    Str: 14    XL:     7   Next: 76%
Magic:  7/7        EV: 11    Int: 10    God:
Gold:   214        SH:  0    Dex: 15    Spells: 6/6 levels left

rFire   . . .        a - +1 shortbow
rCold   . . .        (shield currently unavailable)
rNeg    + . .        c - +0 leather armour
rPois   ∞            n - +0 helmet
rElec   +            i - +1 cloak
rCorr   .            (no gloves)
SInv    .            (no boots)
Will    .....        f - amulet of regeneration
Stlth   ++           (no ring)
HPRegen 1.06/turn    (no ring)
MPRegen 0.10/turn

%: no passive effects
@: hasted, very quick
A: sickness immunity, AC +4, negative energy resistance 1, electricity
resistance, torment resistance 1, petrification resistance
a: no special abilities


You were on level 5 of the Dungeon.
You visited 1 branch of the dungeon, and saw 5 of its levels.

You collected 214 gold pieces.

Inventory:

Hand Weapons
 a - a +1 shortbow (weapon)
Armour
 c - a +0 leather armour (worn)
 i - a +1 cloak (worn)
 n - a +0 helmet (worn)
Jewellery
 f - an amulet of regeneration (around neck)
Scrolls
 b - 2 scrolls of immolation
 m - a scroll of blinking
 p - a scroll of noise {unknown}
Potions
 d - a potion of flight
 e - 2 potions of attraction
 g - a potion of ambrosia {unknown}
 h - a potion of mutation {unknown}
 j - 4 potions of might {unknown}
 k - 2 potions of curing {unknown}
 l - a potion of haste


   Skills:
 - Level 2.1 Fighting
 + Level 9.3 Ranged Weapons
 - Level 1.5 Dodging
 - Level 1.1 Stealth


You had 6 spell levels left.
You didn't know any spells.
Your spell library contained the following spells:

 Spells                   Type           Power      Damage    Failure   Level
 Dazzling Flash           Conj/Hex       0%         N/A       82%         3
 Vhi's Electric Charge    Tloc/Air       0%         N/A       82%         3
 Animate Armour           Summ/Erth      0%         N/A       99%         4
 Fulminant Prism          Conj/Hex       0%         3d5       99%         4
 Agony                    Necr           0%         N/A       100%        5
 Arcjolt                  Conj/Air       0%         1d10      100%        5
 Silence                  Hex/Air        0%         N/A       100%        5
 Plasma Beam              Fire/Air       0%         2x1d11    100%        6
 Enfeeble                 Hex            0%         N/A       100%        7


Dungeon Overview and Level Annotations

Branches:
Dungeon (5/15)
 Temple: D:4-7

Altars:
Cheibriados
Fedhas
Makhleb
Vehumet

Shops:
D:3 [((


Innate Abilities, Weirdness & Mutations

You are immune to sickness and miasma.
Your stone body is resilient. (AC +4)
You are immune to poison.
You resist negative energy. (rN+)
You are resistant to electric shocks. (rElec)
You are resistant to unholy torment.
You are immune to petrification.


Message History

You shoot an arrow. The arrow hits the adder!
You kill the adder!
No target in view!
You now have 214 gold pieces (gained 11).
A two-headed ogre comes into view.
It is wielding two +0 giant spiked clubs.
Found an escape hatch in the ceiling.
The air fills with toxic fumes!
As you read the scroll of poison, it crumbles to dust.
Fire: a) +1 shortbow
Press: ? - help, Q - select action Shift-Dir - straight line, f - you
Okay, then.
You see here an adder corpse.
You start waiting.
A two-headed ogre is nearby!
The two-headed ogre is engulfed in poison gas.
The two-headed ogre is poisoned.
You feel yourself speed up.
The two-headed ogre is engulfed in poison gas.
The two-headed ogre looks even sicker.
You shoot an arrow. The arrow hits the two-headed ogre!
The two-headed ogre is moderately wounded.
You shoot an arrow. The arrow hits the two-headed ogre!
The two-headed ogre is heavily wounded.
You shoot an arrow.
The arrow barely misses the two-headed ogre.
The two-headed ogre closely misses you.
The two-headed ogre hits you but does no damage.
You shoot an arrow.
The arrow barely misses the two-headed ogre.
You shoot an arrow. The arrow hits the two-headed ogre.
The two-headed ogre is heavily wounded.
The two-headed ogre hits you with a +0 giant spiked club!!
Ouch! That really hurt!
The two-headed ogre hits you with a +0 giant spiked club!
* * * LOW HITPOINT WARNING * * *
You shoot an arrow.
The arrow barely misses the two-headed ogre.
The two-headed ogre hits you with a +0 giant spiked club!!
Ouch! That really hurt!
You die...

...##.#.########.#
#. #.....#......#
# ###.#...######
#.......#
#...####.# #.#.#
##.## #...# #...#
..### #.### ...
#@# ... ##O# #.
#..# #.# #.## #..
#.# ..####.###°#
#.......†..####
.###....○....#
##.######.....


You could see a two-headed ogre (poisoned).

Vanquished Creatures
  A water moccasin (D:5)
  A black bear (D:5)
  A phantom (D:3)
  A scorpion (D:5)
  A hound (D:3)
  2 jellies (D:4)
  Jessica (D:2)
  2 iguanas (D:4)
  3 orc wizards
  4 gnolls
  4 adders
  A white imp (D:3)
  2 worms
  6 orcs
  4 ball pythons
  A bat (D:1)
  15 endoplasms
  6 giant cockroaches
  7 goblins
  8 hobgoblins
  7 kobolds
  4 quokkas
  5 rats
87 creatures vanquished.

Vanquished Creatures (others)
  2 demonic plants (D:1)
  7 fungi (D:1)
  7 plants (D:1)
  5 withered plants (D:1)
21 creatures vanquished.

Grand Total: 108 creatures vanquished

Notes
Turn   | Place    | Note
-------+----------+-------------------------------------------
     0 | D:1      | HoaS the Gargoyle Hunter began the quest for the Orb.
     0 | D:1      | Reached XP level 1. HP: 12/12 MP: 1/1
   124 | D:1      | Reached XP level 2. HP: 13/17 MP: 2/2
   404 | D:1      | Reached XP level 3. HP: 21/21 MP: 3/3
   435 | D:1      | Reached skill level 5 in Ranged Weapons
   436 | D:1      | Found a faded altar of an unknown god.
   784 | D:2      | Noticed Jessica
   791 | D:2      | Killed Jessica
   792 | D:2      | Reached XP level 4. HP: 26/26 MP: 4/4
  1153 | D:2      | Found a radiant altar of Vehumet.
  1410 | D:3      | Reached skill level 6 in Ranged Weapons
  1423 | D:2      | Reached XP level 5. HP: 29/30 MP: 5/5
  1438 | D:3      | Found Totwuan's Antique Armour Emporium.
  1490 | D:3      | Noticed a phantom
  1500 | D:3      | Killed a phantom
  1501 | D:3      | Reached skill level 7 in Ranged Weapons
  1534 | D:3      | Found Tomoogod's Weapon Emporium.
  1571 | D:3      | Found Gateixt's Weapon Shoppe.
  1625 | D:3      | Reached XP level 6. HP: 35/35 MP: 6/6
  1666 | D:3      | Found a blossoming altar of Fedhas.
  1700 | D:3      | Found a snail-covered altar of Cheibriados.
  1756 | D:3      | Found a burning altar of Makhleb.
  2533 | D:4      | Got the Grimoire of Felsic Obstruction
  2768 | D:4      | Reached skill level 8 in Ranged Weapons
  2902 | D:5      | Entered Level 5 of the Dungeon
  2915 | D:5      | Reached XP level 7. HP: 40/40 MP: 7/7
  3075 | D:5      | Reached skill level 9 in Ranged Weapons
  3166 | D:5      | Noticed a two-headed ogre
  3187 | D:5      | Annihilated by a two-headed ogre

Illustrated notes

Levels and vault maps discovered:
D:1:      ncdulo_lavacross, layout_basic, shapermc_ecumenical_altar_gd,
          st_stairs_10, minmay_tall_x
D:2:      layout_basic, basic_altar, uniq_jessica
D:3:      layout_basic, lightli_temple_of_fire,
          mainiacjoe_overflow_catwalk_spiral, serial_shops,
          nicolae_lakefront_shop, nicolae_shop_crystal, shop
D:4:      minmay_chambers_of_fours, layout_cave_pools, nicolae_underground_beach
D:5:      layout_rooms, minmay_temple_entry_stoned_glass, grunt_ministairs_5

Skill      XL: |  1  2  3  4  5  6  7 |
---------------+----------------------+-----
Ranged Weapons | 5 6 7 8 9 |  9.3
Fighting       | |  2.1
Dodging        | |  1.5
Stealth        | |  1.1

Action                     |  1- 3 |  4- 6 |  7- 9 || total
---------------------------+-------+-------+-------++-------
  Melee: Shortbow          |       |       |     5 ||     5
   Fire: Shortbow          |    92 |   161 |    64 ||   317
    Use: Scroll            |     2 |     9 |     1 ||    12
         Potion            |       |       |     1 ||     1
 Armour: Leather armour    |    14 |    22 |    33 ||    69
  Dodge: Dodged            |    23 |    27 |    26 ||    76
